 Dungeon Crawl Stone Soup version 0.16-a0-1970-g0967df0 (webtiles) character file.

116 timbw the Caller (level 5, -2/35 HPs)
             Began as a Human Summoner on Nov 8, 2014.
             Slain by a goliath beetle zombie (14 damage)
             ... on level 5 of the Dungeon.
             The game lasted 00:06:20 (1320 turns).

timbw the Caller (Human Summoner)                   Turns: 1320, Time: 00:06:20

Health: -2/35      AC:  5    Str:  8    XL:     5   Next: 21%
Magic:  7/11       EV: 10    Int: 16    God:
Gold:   153        SH:  0    Dex: 14    Spells: 3 memorised, 5 levels left

rFire  . . .     SeeInvis .     d - +1 dagger
rCold  . . .     Clarity  .     e - +0 leather armour
rNeg   . . .     SustAb   .     (no shield)
rPois  .         Gourm    .     m - +0 helmet
rElec  .         Spirit   .     (no cloak)
rCorr  .         Warding  .     j - +0 pair of gloves
rMut   +         Stasis   .     (no boots)
MR     .....                    f - amulet of resist mutation
Stlth  ++........               (no ring)
                                (no ring)

@: not resistant to hostile enchantments, unstealthy
A: no striking features
a: no special abilities


You were on level 5 of the Dungeon.
You were not hungry.

You visited 1 branch of the dungeon, and saw 5 of its levels.

You collected 153 gold pieces.

Inventory:

Hand weapons
 d - a +1 dagger (weapon)
 o - a +0 blowgun
Missiles
 p - 8 poisoned needles
Armour
 a - a +0 robe
 e - a +0 leather armour (worn)
 j - a +0 pair of gloves (worn)
 m - a +0 helmet (worn)
Jewellery
 f - an amulet of resist mutation (around neck)
Magical devices
 k - a wand of flame (21)
Potions
 g - a potion of resistance {unknown}
 h - a potion of haste {unknown}
 l - a potion of brilliance {unknown}
 n - a potion of flight {unknown}
Books
 b - a book of Callings

   Spells                             Type                      Level
   *Summon Small Mammal               Summoning                    1
   *Call Imp                          Summoning                    2
   *Call Canine Familiar              Summoning                    3
   Summon Guardian Golem              Hexes/Summoning              4
   Summon Lightning Spire             Summoning/Air                4
   Summon Ice Beast                   Ice/Summoning                4
Comestibles
 c - a bread ration
 i - a royal jelly


   Skills:
 - Level 2.0 Dodging
 - Level 2.0 Stealth
 + Level 3.6 Spellcasting
 + Level 5.1 Summonings


You had 5 spell levels left.
You knew the following spells:

 Your Spells              Type           Power        Failure   Level  Hunger
a - Summon Small Mammal   Summ           ###.         1%          1    None
b - Call Imp              Summ           ###.....     3%          2    ##.....
c - Call Canine Familiar  Summ           ###.....     8%          3    ###....


Dungeon Overview and Level Annotations

Branches:
Dungeon (5/15)
 Temple: D:4-7

Altars:
Ashenzari
Okawaru
Qazlal


Message History

Something hits you but does no damage.
Your hound barely misses something.
Your hound closely misses something.
Your hound misses something.
A sky beast appears from thin air!
Reactivating autopickup.
Casting: Call Imp
Confirm with . or Enter, or press ? or * to list all spells.
A beastly little devil appears in a puff of frigid air.
The sky beast barely misses you.
The sky beast flickers out of sight!
Deactivating autopickup; reactivate with Ctrl-A.
Something hits you. Something shocks you. Something hits you.
Something shocks you.
A sky beast appears from thin air!
Reactivating autopickup.
Your white imp gestures at the sky beast.
The puff of frost hits the sky beast.
Your white imp picks up some beetles from the ground and offers them to you.
The goliath beetle zombie bites you!
You die...

#......h..........#
##.....#.#.##......
##...##.#.# ###.
##5###.#.# #.#
#[#5# #h# #.#h# #.#
#.#.# ### #Y###.#.#
#.....#.@##.#.#
#....Z......#
#..##............#
####.######### #.#
#.# #.# #.# #.#


You could see a sky beast, a goliath beetle zombie, a friendly hound and a
friendly white imp.

Vanquished Creatures
  A crimson imp (D:5)
  A worker ant (D:4)
  2 orc skeletons (D:3)
  A hobgoblin (D:2)
  A bat (D:2)
  2 kobolds
  A quokka (D:3)
9 creatures vanquished.

Vanquished Creatures (collateral kills)
  A giant frog skeleton (D:4)
  2 orc wizards (D:3)
  An adder (D:4)
  An adder zombie (D:3)
  2 orcs (D:3)
  A giant cockroach (D:3)
  4 hobgoblins
  6 jackals
  A ball python (D:2)
  2 bats
  A giant newt (D:3)
  2 goblins
  3 kobolds
  2 rats (D:2)
29 creatures vanquished.

Vanquished Creatures (others)
  A crimson imp (D:4)
  A hound (D:4)
  2 white imps (D:3)
  A bat (D:1)
  A quokka (D:1)
  3 rats (D:2)
9 creatures vanquished.

Grand Total: 47 creatures vanquished

Notes
Turn   | Place    | Note
--------------------------------------------------------------
     0 | D:1      | timbw, the Human Summoner, began the quest for the Orb.
     0 | D:1      | Reached XP level 1. HP: 13/13 MP: 3/3
   232 | D:2      | Reached XP level 2. HP: 10/19 MP: 0/4
   239 | D:2      | Learned a level 2 spell: Call Imp
   496 | D:2      | Found a stormy altar of Qazlal.
   497 | D:2      | Found a shattered altar of Ashenzari.
   499 | D:2      | Found an iron altar of Okawaru.
   587 | D:3      | Reached XP level 3. HP: 21/24 MP: 3/6
   599 | D:3      | Learned a level 3 spell: Call Canine Familiar
   730 | D:3      | Reached XP level 4. HP: 22/30 MP: 1/9
   812 | D:4      | Noticed a centaur
  1242 | D:5      | Entered Level 5 of the Dungeon
  1273 | D:5      | Reached skill level 5 in Summonings
  1273 | D:5      | Reached XP level 5. HP: 24/35 MP: 3/11
  1293 | D:5      | Noticed a sky beast
  1320 | D:5      | Slain by a goliath beetle zombie

Action                   |  1- 3 |  4- 6 || total
-------------------------+-------+-------++-------
Melee: Dagger            |    42 |    24 ||    66
       Unarmed           |     1 |       ||     1
 Cast: Summon Small Mamm |    14 |       ||    14
       Call Imp          |     9 |     7 ||    16
       Call Canine Famil |     2 |     9 ||    11
  Use: Scroll            |       |     5 ||     5
       Potion            |       |     2 ||     2
  Eat: Chunk             |     1 |     3 ||     4
